 Dungeon Crawl Stone Soup version 0.27.1-33-g824d729ab1 (webtiles) character file.

Game seed: 3965450003354545183

1239 comborobin the Cleaver (level 8, -2/68 HPs)
             Began as a Palentonga Gladiator on Dec 28, 2021.
             Was a Believer of Cheibriados.
             Succumbed to a gnoll sergeant's poison
             ... on level 5 of the Dungeon.
             The game lasted 00:07:32 (7192 turns).

comborobin the Cleaver (Palentonga Gladiator)       Turns: 7192, Time: 00:07:33

Health: -2/68      AC:  8    Str: 23    XL:     8   Next: 25%
Magic:  10/10      EV:  9    Int: 12    God:    Cheibriados [**....]
Gold:   237        SH:  0    Dex: 17    Spells: 5/7 levels left

rFire    + . .     SeeInvis +   a - +1 dagger (venom)
rCold    . . .     Faith    .   (no shield)
rNeg     . . .     Spirit   .   n - +2 ring mail {rF+}
rPois    .         Reflect  .   c - +0 helmet
rElec    .         Harm     .   (no cloak)
rCorr    .         Rampage  .   (no gloves)
Will     +....                  (no barding)
Stlth    +.........             (no amulet)
HPRegen  0.21/turn              (no ring)
MPRegen  0.12/turn              (no ring)

@: lethally poisoned (-2 -> -26), flying, very slow
A: large, rugged brown scales 3, see invisible, deformed body, roll 2, armoured
tail, reflexive curl, strong-willed 1
a: Rolling Charge, Renounce Religion, Bend Time


You were on level 5 of the Dungeon.
You worshipped Cheibriados.
Cheibriados was pleased with you.
You visited 1 branch of the dungeon, and saw 5 of its levels.

You collected 237 gold pieces.

Inventory:

Hand Weapons
 a - a +1 dagger of venom (weapon)
 b - a +0 halberd
 r - a +0 war axe
Missiles
 s - 11 poisoned darts (quivered)
 u - a throwing net
Armour
 c - a +0 helmet (worn)
 d - a +0 leather armour
 n - a +2 ring mail of fire resistance (worn)
Jewellery
 f - a ring of ice
Wands
 t - a wand of mindburst (9)
Scrolls
 e - a scroll of fear
 g - 2 scrolls of teleportation
 h - a scroll of noise {unknown}
 i - a scroll of identify {unknown}
 k - a scroll of amnesia {unknown}
 l - 2 scrolls of fog
 m - 6 scrolls of magic mapping {unknown}
Potions
 j - a potion of brilliance
 q - 2 potions of mutation


   Skills:
 - Level 6.0 Fighting
 - Level 8.0 Axes
 - Level 1.3 Throwing
 - Level 2.4 Dodging
 + Level 3.6 Invocations


You had 5 spell levels left.
You knew the following spells:

 Your Spells              Type           Power      Damage    Failure   Level
a - Foxfire               Conj/Fire      0%         2x1d4     47%         1
b - Corona                Hex            0%         N/A       47%         1

Your spell library contained the following spells:

 Spells                   Type           Power      Damage    Failure   Level
 Ensorcelled Hibernation  Hex/Ice        0%         N/A       63%         2
 Conjure Flame            Conj/Fire      0%         6-21      85%         3
 Inner Flame              Hex/Fire       0%         N/A       85%         3
 Tukima's Dance           Hex            0%         N/A       85%         3


Dungeon Overview and Level Annotations

Branches:
Dungeon (5/15)
 Temple: D:4-7

Altars:
Cheibriados
Sif Muna
Yredelemnul

Annotations:
D:4 2 runed translucent doors, Grithok's ghost, amateur KoGl


Innate Abilities, Weirdness & Mutations

You are completely covered in rugged brown scales. (AC +3, +7% HP)
You have supernaturally acute eyesight. (SInv)
Armour fits poorly on your strangely shaped body.
You can roll at foes to attack.
You have a long armoured tail.
You curl defensively after being hit.
You are strong-willed. (Will+)


Message History

You barely miss the gnoll sergeant.
The gnoll sergeant is heavily wounded.
The gnoll sergeant hits you with a +2 trident of venom!
You are poisoned.
You hit the gnoll sergeant but do no damage.
The gnoll sergeant is heavily wounded.
You feel sick.
The gnoll sergeant hits you with a +2 trident of venom!
You are more poisoned.
You feel very sick.
The gnoll sergeant hits you from afar with a +2 trident of venom.
You are lethally poisoned!
The gnoll sergeant closely misses you.
It was a potion of curing.
You feel better.
The gnoll sergeant hits you from afar with a +2 trident of venom!
You are poisoned.
It was a potion of flight.
You feel very buoyant.
You fly up into the air.
You feel sick.
The gnoll sergeant hits you from afar with a +2 trident of venom!
* * * LOW HITPOINT WARNING * * *
You are lethally poisoned!
Okay, then.
* * * LOW HITPOINT WARNING * * *
You feel very sick.
You feel better.
The gnoll sergeant hits you from afar with a +2 trident of venom.
* * * LOW HITPOINT WARNING * * *
You are poisoned.
You feel very sick.
The gnoll sergeant hits you from afar with a +2 trident of venom.
* * * LOW HITPOINT WARNING * * *
You are lethally poisoned!
* * * LOW HITPOINT WARNING * * *
You feel very sick.
The gnoll sergeant hits you from afar with a +2 trident of venom.
* * * LOW HITPOINT WARNING * * *
You are more poisoned.
Unknown command.
You die...

#...'..##.# .#.
#...'g.##.# ....
##...####..#
....##.....##...#
.#..............#
.......#g.......#
.......#......###
#...........#
#..#..@.##...#
#.#...#######
......# ....##...
... ...# ## #.###
##


You could see a gnoll sergeant (very poisoned).

Vanquished Creatures
  Sigmund (D:2)
  3 yaks (D:4)
  An orc warrior (D:4)
  An ogre (D:4)
  A scorpion (D:4)
  3 orc priests (D:4)
  A hound (D:4)
  An iron imp (D:3)
  Ijyb (D:4)
  2 orc wizards (D:4)
  6 gnolls
  3 adders
  2 adder skeletons
  3 worms
  A dart slug (D:1)
  10 orcs
  5 ball pythons
  7 endoplasms
  2 giant cockroaches
  5 goblins
  7 hobgoblins
  2 jackals (D:3)
  9 kobolds
  5 quokkas
  5 bats
  7 frilled lizards
  3 rats
97 creatures vanquished.

Vanquished Creatures (others)
  2 foxfires (D:4)
2 creatures vanquished.

Grand Total: 99 creatures vanquished

Notes
Turn   | Place    | Note
-------+----------+-------------------------------------------
     0 | D:1      | comborobin the Palentonga Gladiator began the quest for the
                  | Orb.
     0 | D:1      | Reached XP level 1. HP: 17/17 MP: 1/1
    63 | D:1      | Found a faded altar of an unknown god.
   186 | D:1      | Reached XP level 2. HP: 23/23 MP: 2/2
   669 | D:1      | Reached skill level 4 in Axes
   856 | D:1      | Reached XP level 3. HP: 19/28 MP: 3/3
  1024 | D:2      | Found a shimmering blue altar of Sif Muna.
  1074 | D:2      | Noticed Sigmund
  1415 | D:2      | Gained mutation: You are clumsy. (Dex -2) [potion of
                  | mutation]
  1415 | D:2      | Gained mutation: You have an increased reservoir of magic.
                  | (+10% MP) [potion of mutation]
  1415 | D:2      | Gained mutation: You have a somewhat thin skeletal
                  | structure. (Dex +2, Stealth+) [potion of mutation]
  1415 | D:2      | Gained mutation: Your mind is acute. (Int +2) [potion of
                  | mutation]
  1416 | D:2      | Lost mutation: You have a somewhat thin skeletal structure.
                  | (Dex +2, Stealth+) [potion of mutation]
  1416 | D:2      | Lost mutation: Your mind is acute. (Int +2) [potion of
                  | mutation]
  1416 | D:2      | Gained mutation: You are strong-willed. (Will+) [potion of
                  | mutation]
  1417 | D:2      | Lost mutation: You are clumsy. (Dex -2) [potion of
                  | mutation]
  1417 | D:2      | Lost mutation: You have an increased reservoir of magic.
                  | (+10% MP) [potion of mutation]
  1417 | D:2      | Gained mutation: You can roll at foes to attack. [potion of
                  | mutation]
  1427 | D:2      | Killed Sigmund
  1428 | D:2      | Reached skill level 5 in Axes
  1428 | D:2      | Reached XP level 4. HP: 21/39 MP: 4/4
  1428 | D:2      | Reached XP level 5. HP: 24/44 MP: 5/5
  2986 | D:3      | Found a snail-covered altar of Cheibriados.
  3006 | D:3      | Reached skill level 5 in Fighting
  3006 | D:3      | Reached XP level 6. HP: 36/54 MP: 6/6
  3101 | D:3      | Became a worshipper of Cheibriados the Contemplative
  3438 | D:3      | Learned a level 1 spell: Foxfire
  4426 | D:4      | Reached * piety under Cheibriados
  4637 | D:4      | Gained mutation: You curl defensively after being hit.
                  | [Palentonga growth]
  4637 | D:4      | Reached XP level 7. HP: 62/62 MP: 7/7
  4776 | D:4      | Found a basalt altar of Yredelemnul.
  5060 | D:4      | Learned a level 1 spell: Corona
  5077 | D:4      | Noticed a yak
  5078 | D:4      | Noticed a yak
  5079 | D:4      | Noticed a yak
  5502 | D:4      | Noticed Ijyb
  5523 | D:4      | Killed Ijyb
  5846 | D:4      | Reached skill level 6 in Axes
  6269 | D:4      | Found a large runed translucent door.
  6270 | D:4      | Found a large runed translucent door.
  6285 | D:4      | Reached skill level 7 in Axes
  6554 | D:4      | Noticed Grithok's ghost (amateur KoGl)
  6605 | D:4      | Killed a yak
  6615 | D:4      | Killed a yak
  6616 | D:4      | Reached skill level 8 in Axes
  6616 | D:4      | Reached skill level 1 in Invocations
  6616 | D:4      | Reached XP level 8. HP: 32/68 MP: 7/9
  7104 | D:5      | Entered Level 5 of the Dungeon
  7117 | D:5      | Reached ** piety under Cheibriados
  7191 | D:5      | HP: 2/68 [gnoll sergeant (2)]
  7192 | D:5      | Succumbed to a gnoll sergeant's poison

Illustrated notes

Levels and vault maps discovered:
D:1:      ncdulo_wetmaze, layout_loops_ring, basic_ecumenical_altar
D:2:      layout_rooms, basic_altar, minmay_hedge_maze, uniq_sigmund
D:3:      layout_basic, nicolae_sif_muna_little_library, slow_altar_1
D:4:      layout_loops_corners, mainiacjoe_overflow_small_starburst,
          ebering_ghost_disaster_area, guppyfry_early_orc_mine, uniq_ijyb
D:5:      layout_cave_pools, lemuel_round_altar, serial_gnoll_camp,
          gnoll_camp_mini_shop, gnoll_camp_mini_sergeant, gnoll_camp_medium_02,
          gnoll_camp_mini_hut, gnoll_camp_mini_house, gnoll_camp_mini_house,
          uniq_crazy_yiuf_cottage

Skill      XL: |  1  2  3  4  5  6  7  8 |
---------------+-------------------------+-----
Axes           | 4 5 8 |  8.0
Fighting       | 4 5 6 |  6.0
Invocations    | 1 3 |  3.6
Throwing       | |  1.3
Dodging        | |  2.4

Action                   |  1- 3 |  4- 6 |  7- 9 || total
-------------------------+-------+-------+-------++-------
Melee: War axe           |    66 |    53 |     3 ||   122
       Tailslap          |     8 |    18 |    25 ||    51
       Halberd           |       |   104 |    62 ||   166
       Dagger            |       |       |    40 ||    40
Throw: Throwing net      |     3 |     3 |       ||     6
       Dart              |       |       |     4 ||     4
 Cast: Foxfire           |       |       |     1 ||     1
Evoke: Wand              |       |       |     1 ||     1
  Use: Scroll            |     3 |       |     2 ||     5
       Potion            |     5 |       |     3 ||     8
 Stab: Sleeping          |     1 |       |       ||     1
       Held in net/web   |     1 |     1 |       ||     2
Armor: Leather armour    |    32 |    43 |       ||    75
       Ring mail         |       |    27 |    50 ||    77
Dodge: Dodged            |    39 |    60 |    47 ||   146
